 Dungeon Crawl Stone Soup version 0.17.1-3-g152610e (webtiles) character file.

18562 MenacingMecha the Basher (level 12, -1/75 HPs)
             Began as a Gargoyle Fighter on Feb 25, 2016.
             Was an Elder of Okawaru.
             Killed from afar by a fire giant (33 damage)
             ... with a bolt of fire
             ... on level 11 of the Dungeon.
             The game lasted 01:34:47 (17754 turns).

MenacingMecha the Basher (Gargoyle Fighter)        Turns: 17754, Time: 01:34:47

Health: -1/75      AC: 29    Str: 21    XL:     12   Next: 59%
Magic:  12/12      EV: 18    Int:  9    God:    Okawaru [****..]
Gold:   1742       SH: 14    Dex: 17    Spells: 1 memorised, 10 levels left

rFire  . . .     SeeInvis .     a - +1 morningstar (venom)
rCold  . . .     Clarity  .     F - +3 scale mail
rNeg   + . .     SustAt   .     c - +0 shield
rPois  ∞         Gourm    .     s - +0 hat
rElec  +         Spirit   .     v - +1 cloak
rCorr  .         Warding  .     q - +2 pair of gloves
rMut   .         Stasis   .     g - +0 pair of boots
MR     +....                    (no amulet)
Stlth  ++........               W - ring of protection from magic
                                C - +4 ring of dexterity

@: heroism, somewhat resistant to hostile enchantments, unstealthy
A: negative energy resistance 1, electricity resistance, unbreathing,
petrification resistance, rot immunity, AC +8
a: Heroism, Renounce Religion


You were on level 11 of the Dungeon.
You worshipped Okawaru.
Okawaru was greatly pleased with you.
You were hungry.

You visited 4 branches of the dungeon, and saw 16 of its levels.
You also visited: Ice Cave.

You collected 1742 gold pieces.

Inventory:

Hand Weapons
 a - a +1 morningstar of venom (weapon)
 b - a +0 blowgun
 d - a +2 flail of crushing
 t - a +1 whip of freezing
 B - a +0 whip of flaming
Missiles
 x - 4 tomahawks of returning
 z - 32 poisoned needles
 D - 24 tomahawks (quivered)
 P - 8 poisoned javelins
Armour
 c - a +0 shield (worn)
 g - a +0 pair of boots (worn)
 q - a +2 pair of gloves (worn)
 s - a +0 hat (worn)
 v - a +1 cloak (worn)
 F - a +3 scale mail (worn)
 Z - a +0 leather armour of cold resistance
Magical Staves
 y - an uncursed staff of death
 H - an uncursed staff of cold
 O - an uncursed staff of poison
 Y - an uncursed staff of earth
Jewellery
 C - a +4 ring of dexterity (left hand)
 W - a ring of protection from magic (right hand)
Wands
 h - a wand of fire (2)
 A - a wand of draining (3)
 S - a wand of paralysis (6)
Scrolls
 f - 15 scrolls of identify
 i - 4 scrolls of recharging
 j - 3 scrolls of enchant weapon
 p - 2 scrolls of remove curse
 u - 2 scrolls of teleportation
 E - a scroll of blinking
 M - 3 scrolls of enchant armour
 N - a scroll of silence
Potions
 l - 4 potions of agility
 m - 2 potions of haste
 n - a potion of magic
 o - 2 potions of curing
 r - 4 potions of heal wounds
 G - a potion of lignification
 I - a potion of might
 J - a potion of resistance
Comestibles
 e - 6 bread rations
 k - 9 meat rations
 w - 11 fruits


   Skills:
 + Level 8.8(13.8) Fighting
 - Level 12.0(17.0) Maces & Flails
 - Level 5.1(10.1) Throwing
 + Level 9.1(14.1) Armour
 + Level 6.2(11.2) Dodging
 * Level 10.0(15.0) Shields


You had 10 spell levels left.
You knew the following spells:

 Your Spells              Type           Power        Failure   Level  Hunger
a - Summon Butterflies    Summ           #.......     82%         1    ##.....


Dungeon Overview and Level Annotations

Branches:
Dungeon (11/15)            Temple (1/1) D:6            Lair (1/8) D:8
    Orc (3/4) D:10            Elf (0/3) Orc:3

Altars:
Ashenzari
Cheibriados
Dithmenos
Elyvilon
Fedhas
Gozag
Kikubaaqudgha
Makhleb
Nemelex Xobeh
Okawaru
Qazlal
Ru
Sif Muna
Trog
Vehumet
Xom
Yredelemnul
Zin
The Shining One
Beogh

Shops:
Orc:1 %

Annotations:
D:1 orc warrior behind rock wall
D:7 Clownie's ghost, novice FoFi
Lair:1 Sonja


Innate Abilities, Weirdness & Mutations

You are resistant to torment.
Your stone body is resilient (AC +8).
You are immune to poison.
You resist negative energy.
You are resistant to electric shocks.
You can survive without breathing.
You are immune to petrification.
You are immune to rotting.


Message History

You kill the basilisk!
Okawaru accepts your kill.
You see here a basilisk corpse.
You open the door.
A stone giant and a fire giant come into view.
The stone giant shouts!
The stone giant throws a large rock.
You block the large rock.
Found 14 gold pieces.
Okay, then.
There is an open door, spattered with blood here.
You sock the fire giant!
The fire giant is poisoned.
The fire giant is lightly wounded.
The fire giant gestures at you while chanting.
The fireball explodes!
The fireball engulfs you!
The fireball engulfs the fire giant.
The fire giant resists.
You barely miss the fire giant.
The fire giant is lightly wounded.
The fire giant casts a spell at you. The bolt of fire hits you!
You die...

.....................######..####
...........#.............##......
...........#..##########..#......
.#######...##.#..#..#.§#.........
.# #...##.#..'..'.§#.##...... .#
#...##.##'####'##.##...... .#
#...##.#..# #§§#......... .#
#......#..# #§§#......... .#
#...##.##@##+#'##......... .#
#...##.#.(CC.#..#.##..####
.#######...##.#..#..#..#.##..#
...........##.########'#.##..#
..)........##............##..#
...........######.......[....#
##.######....................####
#.# #...>.................... #.#
#..#####.................


You could see a fire giant and a stone giant.

Vanquished Creatures
  Erolcha (Orc:3)
  A centaur warrior (D:9)
  A deep troll earth mage (D:11)
  Nergalle (D:9)
  An unseen horror (D:9)
  Pikel (D:8)
  2 hill giants
  An ugly thing (D:11)
  A cyclops (D:11)
  3 ice statues (IceCv)
  A spiny frog (Lair:1)
  2 two-headed ogres
  A troll (D:9)
  A slime creature (D:11)
  A trapdoor spider (D:10)
  3 yaks (D:9)
  3 sky beasts
  A deep elf fighter (D:8)
  A wyvern (D:5)
  3 deep elf magi (D:11)
  A basilisk (D:11)
  A hippogriff (D:10)
  Menkaure (D:7)
  A water moccasin (D:8)
  Duvessa (D:4)
  8 ice beasts
  Purgy (D:4)
  An eye of draining (D:11)
  2 black bears
  A phantom (D:6)
  17 orc warriors
  5 centaurs
  A necrophage (D:11)
  2 crocodiles
  4 big kobolds
  7 ogres
  The ghost of oldnick the Conjurer, an amateur DECj (D:3)
  10 giant frogs
  Dowan (D:4)
  A wyvern skeleton (D:10)
  3 scorpions
  11 killer bees
  7 wights
  6 crimson imps
  A centaur skeleton (D:11)
  2 electric eels (D:9)
  A jelly (D:11)
  A lava snake (D:10)
  19 orc wizards
  30 orc priests
  7 hounds
  6 iguanas
  13 worker ants
  3 hound skeletons
  11 adders
  4 river rats
  2 shadow imps
  12 white imps (D:11)
  3 adder zombies
  An adder skeleton (D:5)
  2 worms (D:2)
  9 giant geckos
  139 orcs
  3 ball pythons (D:2)
  7 hobgoblins
  10 jackals
  5 quokkas
  24 bats
  7 giant cockroaches
  A giant gecko skeleton (D:5)
  A giant gecko zombie (D:7)
  5 giant newts
  9 goblins
  22 kobolds
  13 rats
497 creatures vanquished.

Vanquished Creatures (others)
  A slave (D:8)
  10 fungi (D:8)
  2 plants
13 creatures vanquished.

Grand Total: 510 creatures vanquished

Notes
Turn   | Place    | Note
--------------------------------------------------------------
     0 | D:1      | MenacingMecha the Gargoyle Fighter began the quest for the Orb.
     0 | D:1      | Reached XP level 1. HP: 14/14 MP: 1/1
   147 | D:1      | Found a roughly hewn altar of Beogh.
   147 | D:1      | Noticed an orc wizard
   149 | D:1      | Noticed an orc warrior
   229 | D:1      | Reached XP level 2. HP: 19/19 MP: 2/2
   528 | D:1      | Reached XP level 3. HP: 23/23 MP: 3/3
  1581 | D:2      | Reached skill level 4 in Maces & Flails
  1749 | D:2      | Reached XP level 4. HP: 28/28 MP: 4/4
  2285 | D:3      | Reached skill level 5 in Maces & Flails
  2338 | D:3      | Reached XP level 5. HP: 28/32 MP: 5/5
  2591 | D:3      | Noticed oldnick's ghost (amateur DECj)
  2598 | D:3      | Killed oldnick's ghost
  2955 | D:4      | Found a radiant altar of Vehumet.
  2966 | D:4      | Reached skill level 6 in Maces & Flails
  2966 | D:4      | Reached XP level 6. HP: 32/37 MP: 6/6
  3012 | D:4      | Noticed Purgy
  3031 | D:4      | Killed Purgy
  3031 | D:4      | Reached skill level 7 in Maces & Flails
  3236 | D:4      | Noticed Duvessa
  3236 | D:4      | Noticed Dowan
  3245 | D:4      | Killed Duvessa
  3245 | D:4      | Reached XP level 7. HP: 41/41 MP: 7/7
  3258 | D:4      | Killed Dowan
  3409 | D:4      | Reached skill level 8 in Maces & Flails
  3466 | D:4      | Found a glowing silver altar of Zin.
  3466 | D:4      | Found a white marble altar of Elyvilon.
  3466 | D:4      | Found a glowing golden altar of the Shining One.
  3591 | D:5      | Entered Level 5 of the Dungeon
  3735 | D:5      | Reached skill level 9 in Maces & Flails
  3829 | D:5      | Reached XP level 8. HP: 46/46 MP: 8/8
  3959 | D:5      | Got a scorched hand axe
  3960 | D:5      | Identified the +1 hand axe of Gallantry {chop, +Blink rF- SInv Stlth+} (You found it on level 5 of the Dungeon)
  4025 | D:5      | Noticed a wyvern
  4035 | D:5      | Killed a wyvern
  4628 | D:6      | Reached skill level 10 in Maces & Flails
  4720 | D:6      | Found a stormy altar of Qazlal.
  5060 | D:6      | Reached skill level 11 in Maces & Flails
  5080 | D:6      | Reached XP level 9. HP: 35/51 MP: 9/9
  5191 | D:6      | Learned a level 1 spell: Summon Butterflies
  5283 | D:6      | Paralysed by an orc for 5 turns
  5308 | D:6      | Found a staircase to the Ecumenical Temple.
  5317 | Temple   | Entered the Ecumenical Temple
  5904 | D:7      | Found a snail-covered altar of Cheibriados.
  5905 | D:7      | Found a burning altar of Makhleb.
  5905 | D:7      | Found a basalt altar of Yredelemnul.
  5905 | D:7      | Found a shattered altar of Ashenzari.
  5915 | D:7      | Found an opulent altar of Gozag.
  5918 | D:7      | Found a sacrificial altar of Ru.
  5973 | D:7      | Reached skill level 12 in Maces & Flails
  6030 | D:7      | Got a smoking trident
  6031 | D:7      | Identified the cursed +1 trident of Destiny {pierce, MP+9} (You found it on level 7 of the Dungeon)
  6056 | D:7      | Noticed Menkaure
  6060 | D:7      | Killed Menkaure
  6062 | D:7      | Noticed Clownie's ghost (novice FoFi)
  6405 | D:8      | Reached skill level 1 in Dodging
  6440 | D:8      | Reached skill level 1 in Throwing
  6630 | D:8      | Found a staircase to the Lair.
  6725 | D:8      | HP: 1/52 [orc/mace (4)]
  6754 | D:8      | Reached XP level 10. HP: 6/58 MP: 10/10
  7103 | D:8      | Reached skill level 5 in Armour
  7150 | D:8      | Reached skill level 5 in Fighting
  7321 | D:8      | Noticed Pikel
  7328 | D:8      | Paralysed by Pikel for 7 turns
  7344 | D:8      | Killed Pikel
  7524 | D:8      | Found a sacrificial altar of Ru.
  7603 | D:8      | Found an iron altar of Okawaru.
  7670 | D:8      | Became a worshipper of Warmaster Okawaru
  7965 | D:9      | Reached skill level 5 in Shields
  8387 | D:9      | Killed an unseen horror
  8387 | D:9      | Reached * piety under Okawaru
  8588 | D:9      | Noticed a centaur warrior
  8614 | D:9      | Killed a centaur warrior
  8639 | D:9      | Reached ** piety under Okawaru
  8639 | D:9      | Reached XP level 11. HP: 21/65 MP: 11/11
  9040 | D:10     | Entered Level 10 of the Dungeon
  9307 | D:10     | Noticed a hill giant
  9322 | D:10     | Killed a hill giant
  9834 | D:10     | Noticed Nergalle
  9951 | D:9      | Reached *** piety under Okawaru
 10192 | D:9      | Killed Nergalle
 10532 | D:10     | Found a staircase to the Orcish Mines.
 10997 | Lair:1   | Entered Level 1 of the Lair of Beasts
 11099 | Lair:1   | Noticed Sonja
 11234 | Lair:1   | Got a warped leather armour
 11261 | Lair:1   | Identified the +2 leather armour of the Guild-Master {MP+9 Int+3} (You found it on level 1 of the Lair of Beasts)
 11589 | Orc:1    | Entered Level 1 of the Orcish Mines
 11611 | Orc:1    | Found Uqeys's Food Boutique.
 12321 | Orc:1    | Reached skill level 5 in Dodging
 13015 | Orc:1    | Found a roughly hewn altar of Beogh.
 13511 | Orc:3    | Noticed Erolcha
 13532 | Orc:3    | Killed Erolcha
 13532 | Orc:3    | Reached **** piety under Okawaru
 14368 | Orc:2    | Found a roughly hewn altar of Beogh.
 14522 | Orc:3    | Found a staircase to the Elven Halls.
 14666 | D:11     | Reached XP level 12. HP: 73/73 MP: 12/12
 14758 | D:11     | Noticed a hill giant
 14771 | D:11     | Killed a hill giant
 14864 | D:11     | Found a frozen archway.
 15145 | D:11     | Reached skill level 5 in Throwing
 15161 | IceCv    | Entered an ice cave
 15195 | IceCv    | Reached ***** piety under Okawaru
 16721 | D:11     | Received a gift from Okawaru
 17475 | D:11     | Found a runed door.
 17482 | D:11     | Received a gift from Okawaru
 17721 | D:11     | Noticed a deep troll earth mage
 17729 | D:11     | Killed a deep troll earth mage
 17729 | D:11     | Reached skill level 10 in Shields
 17751 | D:11     | Noticed a fire giant
 17751 | D:11     | Noticed a stone giant
 17754 | D:11     | Killed from afar by a fire giant

Action                   |  1- 3 |  4- 6 |  7- 9 | 10-12 || total
-------------------------+-------+-------+-------+-------++-------
Melee: Flail             |   150 |   149 |   470 |  1293 ||  2062
       Whip              |       |       |       |   185 ||   185
       Morningstar       |       |       |       |   105 ||   105
 Fire: Blowgun           |       |       |       |    16 ||    16
Throw: Tomahawk          |       |       |       |    18 ||    18
Invok: Heroism           |       |       |       |     4 ||     4
Evoke: Wand              |       |     5 |     5 |    17 ||    27
  Use: Potion            |       |     1 |     1 |    13 ||    15
       Scroll            |       |       |     5 |    19 ||    24
 Stab: Invisible         |       |       |       |     2 ||     2
       Paralysed         |       |       |       |     1 ||     1
       Sleeping          |       |       |       |     1 ||     1
  Eat: Chunk             |     3 |     5 |    12 |    26 ||    46
       Bread ration      |       |       |       |     1 ||     1
       Beef jerky        |       |       |       |     1 ||     1
       Royal jelly       |       |       |       |     2 ||     2
